AoeStats
← Augi662101

MegaRandom

507362005Analyzed
2v2 RM · 14d ago on Sep 17, 2026· 65m 15s· 4 players
Game mode
Random Map
Map size
Medium (4 player)
Population
200
Speed
Normal
Resources
Standard
Victory
Conquest
Starting age
Dark Age
Ending age
Imperial Age
RankedLock teamsTeams togetherTeam positionsShared explorationLock speedFull tech treeHidden civsTurbo modeCheats
Victory
Defeat
🇳🇱 Mongols · Netherlands
928
+14
🇬🇧 Teutons · United Kingdom
857
+17
🇧🇪 Italians · Belgium
909
-17
🇺🇸 Saracens · United States
837
-14
Augi662101
11:56 Feudal Age
15:06 Loom
16:40 Wheelbarrow
17:47 Double-Bit Axe
26:04 Castle Age
24:30 Gold Mining
24:31 Stone Mining
24:36 Horse Collar
28:37 Bow Saw
28:35 Heavy Plow
33:44 Imperial Age
33:17 Medium Warships
33:24 Medium Warships
34:05 Squires
33:54 Arson
34:19 Husbandry
35:49 Hoardings
35:36 Conscription
36:20 Ballistics
36:01 Murder Holes
36:34 Bloodlines
38:29 Heavy Warships
37:50 Fishing Lines
38:42 Clinker Construction
38:43 Careening
39:51 Chemistry
39:43 Fletching
39:55 Padded Archer Armor
40:24 Forging
40:20 Scale Barding Armor
40:02 Elite Mameluke
42:24 Squires
42:12 Arson
42:19 Pikeman
45:42 Heavy Camel Rider
48:14 Bodkin Arrow
58:03 Elite Cannon Galleon
Nicrom
9:16 Loom
11:16 Feudal Age
14:09 Wheelbarrow
17:47 Castle Age
16:18 Fishing Lines
21:02 Medium Warships
20:43 Horse Collar
20:51 Double-Bit Axe
21:19 Forging
21:14 Padded Archer Armor
21:04 Fletching
22:14 Town Watch
23:11 Gillnets
25:59 Leather Archer Armor
25:39 Bodkin Arrow
26:13 Crossbowman
26:59 Thumb Ring
31:27 Heavy Plow
31:39 Bow Saw
32:11 Iron Casting
37:46 Ballistics
40:40 Imperial Age
39:50 Clinker Construction
39:55 Careening
40:00 Siphons
41:11 Wheelbarrow
43:12 Arbalester
44:43 Light Cavalry
45:33 Bloodlines
45:24 Husbandry
45:05 Elite Genoese Crossbowman
46:06 Conscription
46:40 Bracer
47:30 Scale Barding Armor
48:26 Blast Furnace
49:37 Ring Archer Armor
50:35 Chemistry
50:04 Town Patrol
50:38 Elite Cannon Galleon
55:04 Heavy Warships
55:14 Hand Cart
54:59 Town Patrol
58:46 Shipwright
WakyWavy
8:41 Loom
10:57 Feudal Age
12:28 Horse Collar
14:26 Double-Bit Axe
17:36 Castle Age
20:01 Gold Mining
20:02 Stone Mining
22:47 Wheelbarrow
24:35 Medium Warships
25:58 Bloodlines
26:30 Fletching
26:46 Scale Barding Armor
26:52 Forging
28:39 Hand Cart
31:14 Chain Barding Armor
30:50 Bodkin Arrow
35:30 Iron Casting
35:36 Husbandry
39:01 Imperial Age
39:49 Cavalier
41:42 Blast Furnace
41:07 Ballistics
43:45 Bracer
56:47 Heavy Warships
63:01 Thumb Ring
65:31 Chemistry
64:39 Siege Engineers
HELLBLAZER
7:38 Loom
12:51 Feudal Age
13:29 Double-Bit Axe
15:08 Wheelbarrow
15:21 Gold Mining
15:45 Fishing Lines
18:49 Town Watch
19:42 Forging
25:56 Castle Age
25:04 Stone Mining
26:03 Scale Barding Armor
28:26 Bloodlines
29:05 Pikeman
32:07 Iron Casting
32:44 Chain Barding Armor
35:14 Imperial Age
33:56 Horse Collar
35:18 Fletching
37:29 Hand Cart
37:05 Cavalier
38:58 Heavy Plow
41:20 Ballistics
44:04 Blast Furnace
45:07 Paladin
47:24 Crop Rotation
47:21 Gambesons
48:52 Conscription
49:27 Heated Shot
49:49 Masonry
51:26 Scale Mail Armor
51:47 Bodkin Arrow
55:36 Crenellations
56:32 Arson
56:48 Squires
57:10 Chain Mail Armor
58:51 Elite Teutonic Knight
60:37 Hoardings
Connection lost

Rejoining the realm…

Still unreachable

The connection could not be restored.

Session expired

The server has moved on; the page needs a fresh start.